 Dungeon Crawl Stone Soup version 0.28-a0-1404-g4df0f3684d (webtiles) character file.

Game seed: 346208820937878587

179 HallandMoats the Covered (level 5, 0/40 HPs)
             Began as a Djinni Fighter on Jan 5, 2022.
             Slain by an ogre (13 damage)
             ... on level 4 of the Dungeon.
             The game lasted 00:03:39 (4145 turns).

HallandMoats the Covered (Djinni Fighter)           Turns: 4145, Time: 00:03:40

Health: 0/40       AC:  7    Str: 15    XL:     5   Next: 90%
Gold:   146        EV:  9    Int:  9    God:
                   SH:  5    Dex: 15

rFire   + + +      SeeInvis .   a - +0 hand axe (drain)
rCold   x . .      Faith    .   c - +0 buckler
rNeg    . . .      Spirit   .   b - +0 scale mail
rPois   ∞          Reflect  .   (no helmet)
rElec   .          Harm     .   (no cloak)
rCorr   .          Rampage  .   (no gloves)
Will    .....                   (boots unavailable)
Stlth   ..........              (no amulet)
HPRegen 0.13/turn               k - +4 ring of slaying
MPRegen 0.00/turn               q - ring of protection from fire

@: mighty, flying
A: sickness immunity, fire resistance 2, cold vulnerability 1, float, innate
caster, hp casting, extra vitality 1
a: no special abilities


You were on level 4 of the Dungeon.
You visited 1 branch of the dungeon, and saw 4 of its levels.

You collected 146 gold pieces.

Inventory:

Hand Weapons
 a - a +0 hand axe of draining (weapon)
Armour
 b - a +0 scale mail (worn)
 c - a +0 buckler (worn)
Jewellery
 k - a +4 ring of slaying (left hand)
 q - a ring of protection from fire (right hand)
Scrolls
 e - a scroll of vulnerability {unknown}
 f - 3 scrolls of amnesia {unknown}
 g - a scroll of brand weapon {unknown}
 i - 3 scrolls of noise {unknown}
 l - a scroll of torment {unknown}
 m - 2 scrolls of identify {unknown}
 o - 3 scrolls of blinking {unknown}
 p - a scroll of immolation {unknown}
 r - a scroll of teleportation {unknown}
Potions
 d - a potion of might
 h - 2 potions of brilliance {unknown}
 j - 2 potions of curing {unknown}
 n - a potion of attraction {unknown}


   Skills:
 + Level 3.6 Fighting
 * Level 2.4 Axes
 + Level 3.7 Armour
 + Level 2.0 Dodging
 + Level 3.6 Shields
 + Level 1.6 Invocations


You had one spell level left.
You knew the following spells:

 Your Spells              Type           Power      Damage    Failure   Level
a - Magic Dart            Conj           0%         1d3       89%         1
b - Wereblood             Tmut           0%         N/A       96%         2
Your spell library was empty.

Dungeon Overview and Level Annotations

Branches:
Dungeon (4/15)
 Temple: D:4-7

Altars:
Yredelemnul


Innate Abilities, Weirdness & Mutations

You are immune to sickness and miasma.
You are immune to poison.
Your flesh is very heat resistant. (rF++)
You are vulnerable to cold. (rC-)
You float through the air rather than walking.
You learn spells naturally, not from books.
Your magical power is your life essence.
You have superior vitality. (+4 MHP)


Message History

No target in view!
Done exploring.
No target in view!
Done exploring.
No target in view!
Done exploring.
Search for what [? for help]? altar Search for what [Enter for "altar", or ? for help]? armor Search for what [Enter for "armor", or ? for help]? weapon
q - a ring of protection from fire (right hand)
(D) Dungeon
Where to? (Enter - D:2, ? - help)
What level of the Dungeon? (default 1, ? - help)
There is a stone staircase leading down here.
You fly downwards.
There is a stone staircase leading up here.
An ogre is nearby!
You feel very mighty all of a sudden.
You slash the ogre! You drain the ogre.
The ogre is moderately wounded.
The ogre barely misses you.
You slash the ogre!
The ogre is heavily wounded.
You block the ogre's attack.
You barely miss the ogre.
The ogre is heavily wounded.
The ogre closely misses you.
You slash the ogre!
The ogre is severely wounded.
The ogre hits you with a +0 giant club!
You closely miss the ogre.
The ogre is severely wounded.
The ogre hits you with a +0 giant club!
You barely miss the ogre.
The ogre is severely wounded.
The ogre hits you with a +0 giant club.
You closely miss the ogre.
The ogre is severely wounded.
The ogre hits you with a +0 giant club!
You die...

# .## ...#
##...#
###....#
#.@O...#
#.##.##...
... ..
..... ...
.......
...
#...... #.
#......
#.#....


You could see an ogre (drained).

Vanquished Creatures
  Natasha (twice) (D:2)
  4 gnolls
  An adder (D:2)
  A worm (D:2)
  2 dart slugs
  4 orcs (D:3)
  7 bats
  12 endoplasms
  5 giant cockroaches
  6 goblins
  3 hobgoblins
  A quokka (D:1)
  9 ball pythons
  A frilled lizard (D:3)
  4 kobolds
  7 rats
  A spectral orc (D:3)
70 creatures vanquished.

Notes
Turn   | Place    | Note
-------+----------+-------------------------------------------
     0 | D:1      | HallandMoats the Djinni Fighter began the quest for the
                  | Orb.
     0 | D:1      | Reached XP level 1. HP: 20/20 MP: 0/0
    80 | D:1      | Reached XP level 2. HP: 17/25 MP: 0/0
   439 | D:1      | Reached XP level 3. HP: 30/30 MP: 0/0
   439 | D:1      | Learned a level 1 spell: Magic Dart
   940 | D:2      | Reached skill level 1 in Dodging
   940 | D:2      | Reached skill level 1 in Invocations
  1140 | D:1      | HP: 1/30 [gnoll (6)]
  1486 | D:2      | Reached XP level 4. HP: 32/35 MP: 0/0
  1978 | D:2      | Noticed Natasha
  1986 | D:2      | Killed Natasha
  1987 | D:2      | Reached XP level 5. HP: 25/40 MP: 0/0
  1987 | D:2      | Learned a level 2 spell: Wereblood
  2686 | D:2      | Noticed Natasha
  2691 | D:2      | Killed Natasha
  3669 | D:3      | Found a faded altar of an unknown god.
  3781 | D:3      | Found a basalt altar of Yredelemnul.
  4135 | D:4      | Noticed an ogre
  4145 | D:4      | Slain by an ogre

Illustrated notes

Levels and vault maps discovered:
D:1:      minmay_arrival_three_doors, layout_basic
D:2:      layout_loops_corners, uniq_natasha
D:3:      layout_loops_ring, yredelemnul_forgotten_temple_becter,
          chequers_ecumenical_altar_simple
D:4:      layout_cave_pools, mainiacjoe_overflow_surrounded_room,
          minmay_goblin_kobold_house, uniq_edmund

Skill      XL: |  1  2  3  4  5 |
---------------+----------------+-----
Dodging        | 1 2 |  2.0
Invocations    | 1 |  1.6
Axes           | 2 |  2.4
Fighting       | |  3.6
Armour         | |  3.7
Shields        | |  3.6

Action                   |  1- 3 |  4- 6 || total
-------------------------+-------+-------++-------
Melee: War axe           |    75 |    75 ||   150
       Hand axe          |       |    27 ||    27
  Use: Potion            |       |     1 ||     1
Armor: Scale mail        |    46 |    53 ||    99
Dodge: Dodged            |    49 |    39 ||    88
Block: Buckler           |    30 |    25 ||    55

Table legend: (Time is in decaauts)
 A = Elapsed time spent in this place.
 B = Non-inter-level travel time spent in this place.
 C = Inter-level travel time spent in this place.
 D = Time resting spent in this place.
 E = Time spent auto-exploring this place.
 F = Levels seen in this place.
 G = Mean time per level.
                   A        B        C        D        E       F      G
               +--------+--------+--------+--------+--------+-----+--------+
         Total |   4228 |   4201 |     27 |    732 |   2296 |   4 | 1057.0 |
       Dungeon |   4228 |   4201 |     27 |    732 |   2296 |   4 | 1057.0 |
               +--------+--------+--------+--------+--------+-----+--------+

Top non-repeatable levels by time:
     D:1: 1749 daAuts
     D:2: 1728 daAuts
     D:3: 739 daAuts
     D:4: 11 daAuts
